 Dungeon Crawl Stone Soup version 0.30.1-5-ged363bc7ee (webtiles) character file.

Game seed: 11101515489452670545

546 H0rd4k the Charlatan (level 7, -2/52 HPs)
             Began as a Human Artificer on Sept 19, 2023.
             Slain by a gnoll
             ... wielding a +0 whip
             ... led by a gnoll bouda
              (7 damage)
             ... on level 4 of the Dungeon.
             The game lasted 00:05:39 (3590 turns).

H0rd4k the Charlatan (Human Artificer)              Turns: 3590, Time: 00:05:40

Health: -2/52      AC:  5    Str: 12    XL:     7   Next: 53%
Magic:  7/7        EV: 12    Int: 14    God:
Gold:   183        SH:  0    Dex: 13    Spells: 6/6 levels left

rFire   . . .        H - +2 rapier (venom)
rCold   . . .        (no shield)
rNeg    . . .        b - +0 leather armour
rPois   .            p - +0 helmet
rElec   .            q - scarf {harm}
rCorr   .            (no gloves)
SInv    .            h - +0 pair of boots
Will    .....        (no amulet)
Stlth   +            (no ring)
HPRegen 0.28/turn    (no ring)
MPRegen 0.10/turn

%: harm (+30% outgoing, +20% incoming)
@: weakened
A: no striking features
a: no special abilities


You were on level 4 of the Dungeon.
You visited 1 branch of the dungeon, and saw 4 of its levels.
You also visited: Sewer.

You collected 183 gold pieces.

Inventory:

Hand Weapons
 a - a +2 short sword of holy wrath
 t - a +2 vampiric dagger
 G - the +5 quarterstaff "Ecrul" {venom, *Corrode rN+ Int+3}
   (You found it in a sewer)

   Int:       It affects your intelligence (+3).
   rN:        It protects you from negative energy.
   *Corrode:  It may corrode you when you take damage.
 H - a +2 rapier of venom (weapon)
Missiles
 C - 5 poisoned darts
Armour
 b - a +0 leather armour (worn)
 h - a +0 pair of boots (worn)
 p - a +0 helmet (worn)
 q - a scarf of harm (worn)
Wands
 d - a wand of charming (5)
 e - a wand of iceblast (4)
 v - a wand of roots (1)
Scrolls
 c - 2 scrolls of poison {unknown}
 j - 2 scrolls of blinking
 m - 2 scrolls of vulnerability {unknown}
 n - a scroll of fog {unknown}
 r - 4 scrolls of identify {unknown}
 u - 2 scrolls of magic mapping {unknown}
 w - a scroll of teleportation {unknown}
 y - a scroll of enchant armour {unknown}
 A - a scroll of acquirement {unknown}
 B - a scroll of enchant weapon {unknown}
 E - a scroll of amnesia {unknown}
Potions
 f - a potion of mutation {unknown}
 g - 2 potions of cancellation {unknown}
 i - a potion of heal wounds {unknown}
 k - 3 potions of might {unknown}
 l - a potion of lignification {unknown}
 o - 6 potions of curing {unknown}
 s - 2 potions of flight {unknown}
 x - a potion of invisibility {unknown}
 z - 2 potions of brilliance {unknown}
 D - a potion of haste {unknown}
 F - a potion of attraction {unknown}


   Skills:
 + Level 3.2 Fighting
 + Level 3.3 Short Blades
 - Level 2.6 Maces & Flails
 - Level 2.0 Armour
 + Level 3.6 Dodging
 - Level 1.0 Stealth
 + Level 4.4 Evocations


You had 6 spell levels left.
You didn't know any spells.
Your spell library contained the following spells:

 Spells                   Type           Power      Damage    Failure   Level
 Scorch                   Fire           0%         2d5       50%         2
 Summon Guardian Golem    Hex/Summ       0%         N/A       73%         3
 Flame Wave               Conj/Fire      0%         2d4       98%         4
 Summon Cactus Giant      Summ           0%         N/A       100%        6
 Orb of Destruction       Conj           0%         9d5       100%        7
 Spellforged Servitor     Conj/Summ      0%         N/A       100%        7


Dungeon Overview and Level Annotations

Branches:
Dungeon (4/15)              Sewer (visited)
 Temple: D:4-7

Altars:

Shops:
D:2 [

Annotations:
D:4 2 transporters, laros's ghost, amateur MiBe


Message History

You hit the orc.
The orc looks as sick as possible!
The orc is moderately wounded.
You kill the orc!
You hit the gnoll bouda but do no damage.
The gnoll bouda hits you with a +0 whip.
You puncture the gnoll bouda!
The gnoll bouda is heavily wounded.
The gnoll bouda misses you.
You hit the gnoll bouda.
The gnoll bouda is severely wounded.
The gnoll bouda gazes fiercely through you!
You feel your attacks grow feeble.
You hit the gnoll bouda but do no damage.
The gnoll bouda is poisoned.
The gnoll bouda is severely wounded.
The gnoll bouda gazes fiercely through you!
You feel as though you will be weak longer.
The gnoll bouda hits you but does no damage.
The gnoll hits you with a +0 whip.
You barely miss the gnoll bouda.
The gnoll bouda is severely wounded.
The gnoll bouda hits you with a +0 whip!
The gnoll hits you with a +0 whip.
The gnoll bouda hits you with a +0 whip!
You hit the gnoll bouda.
The gnoll bouda looks as sick as possible!
The gnoll bouda is almost dead.
The gnoll hits you with a +0 whip.
* * * LOW HITPOINT WARNING * * *
The gnoll bouda hits you with a +0 whip!
* * * LOW HITPOINT WARNING * * *
You hit the gnoll bouda but do no damage.
The gnoll bouda looks as sick as possible!
The gnoll bouda is almost dead.
You kill the gnoll bouda!
The gnoll closely misses you.
You hit the gnoll.
The gnoll is poisoned.
The gnoll is moderately wounded.
The gnoll hits you but does no damage. The gnoll hits you with a +0 whip.
You die...

... #.[### . .. ##...#
.# . ###.### .##
#####...# ...# ....#
#.....#.###...# #...#
#.............# ##..#
#.....##..##..# 8#..#
###)#####g##..# .#..#
#.#####@)...# .#..##
#.....##...##
K#©..#########.###..#
f#.........# #.# #..#
W#..######.###.# #..#
8#..# #.....# #..#
##..# ####### #..##
#...### #####...##
......########...#.#..#


You could see a gnoll (swift, very poisoned).

Vanquished Creatures
  2 bullfrogs (Sewer)
  A scorpion (D:4)
  A gnoll bouda (D:4)
  Terence (D:3)
  Natasha (thrice) (D:3)
  A gnoll (D:4)
  3 adders
  A worm (D:3)
  4 dart slugs
  7 orcs
  10 ball pythons
  4 endoplasms (D:1)
  9 giant cockroaches
  5 goblins
  2 hobgoblins (D:1)
  5 kobolds
  7 quokkas
  9 bats
  13 frilled lizards
  8 rats
96 creatures vanquished.

Vanquished Creatures (collateral kills)
  An iguana (D:4)
  An orc wizard (D:3)
  A gnoll (D:4)
  3 orcs
  2 endoplasms
  A giant cockroach (Sewer)
  2 quokkas
  A bat (D:3)
  2 frilled lizards
  A goblin (D:4)
15 creatures vanquished.

Vanquished Creatures (others)
  A bullfrog (D:3)
  A scorpion (D:4)
  An orc wizard (D:3)
3 creatures vanquished.

Grand Total: 114 creatures vanquished

Notes
Turn   | Place    | Note
-------+----------+-------------------------------------------
     0 | D:1      | H0rd4k the Human Artificer began the quest for the Orb.
     0 | D:1      | Reached XP level 1. HP: 15/15 MP: 1/1
   132 | D:1      | Reached XP level 2. HP: 12/21 MP: 2/2
   419 | D:1      | Reached XP level 3. HP: 23/26 MP: 3/3
  1104 | D:2      | Reached skill level 1 in Maces & Flails
  1308 | D:2      | Found Heleiv's Armour Shop.
  1384 | D:2      | Reached XP level 4. HP: 32/32 MP: 4/4
  1816 | D:3      | Noticed a bullfrog
  1840 | D:3      | Reached XP level 5. HP: 15/38 MP: 5/5
  1929 | D:3      | Noticed Terence
  1994 | D:3      | Killed Terence
  2155 | D:3      | Noticed Natasha
  2157 | D:3      | Killed Natasha
  2230 | D:3      | Noticed Natasha
  2237 | D:3      | Killed Natasha
  2238 | D:3      | Reached skill level 1 in Short Blades
  2238 | D:3      | Reached skill level 4 in Evocations
  2238 | D:3      | Reached XP level 6. HP: 44/44 MP: 6/6
  2451 | D:3      | Noticed Natasha
  2453 | D:3      | Killed Natasha
  2719 | D:4      | Noticed laros's ghost (amateur MiBe)
  2721 | D:4      | Found a transporter.
  2754 | D:4      | HP: 2/46 [poisoned by a scorpion]
  2954 | D:4      | Found a transporter.
  3008 | D:4      | Found a glowing drain.
  3022 | Sewer    | Entered a sewer
  3377 | Sewer    | Reached XP level 7. HP: 33/51 MP: 7/7
  3454 | Sewer    | Identified the +5 quarterstaff "Ecrul" {venom, *Corrode rN+
                  | Int+3}
  3590 | D:4      | Slain by a gnoll

Illustrated notes

Levels and vault maps discovered:
D:1:      spicycebolla_arrival_ecumenical, layout_basic,
          roderic_nine_men_s_morris, minmay_misc_feat_four_crosses,
          eino_curves_01, grunt_decor_one_mirror, minmay_tetromino_l2
D:2:      layout_loops_ring, serial_shops, shop, st_stairs_13
D:3:      cheibrodos_old_hovel, layout_basic, uniq_terence, uniq_natasha
D:4:      layout_basic, minmay_temple_entry_statues_fountains,
          portal_sewer_entry_d, gammafunk_ghost_arena,
          amcnicky_altar_lugonu_corruption, uniq_ijyb

Skill      XL: |  1  2  3  4  5  6  7 |
---------------+----------------------+-----
Maces & Flails | 1 2 |  2.6
Dodging        | 2 3 |  3.6
Fighting       | 2 3 |  3.2
Short Blades   | 1 2 3 |  3.3
Evocations     | 4 |  4.4
Armour         | |  2.0
Stealth        | |  1.0

Action                     |  1- 3 |  4- 6 |  7- 9 || total
---------------------------+-------+-------+-------++-------
  Melee: Club              |   188 |       |       ||   188
         Punch             |     1 |     1 |       ||     2
         Dagger            |     1 |   285 |    27 ||   313
         Rapier            |       |       |    19 ||    19
  Evoke: Wand              |       |    24 |     3 ||    27
   Stab: Sleeping          |     3 |     3 |       ||     6
 Armour: Leather armour    |    98 |    96 |     8 ||   202
  Dodge: Dodged            |   202 |   177 |    29 ||   408
